 Dungeon Crawl Stone Soup version 0.18-a0-775-g4d9e04e (webtiles) character file.

102 cluie the Insei (level 4, 0/33 HPs)
             Began as a Demonspawn Transmuter on Dec 13, 2015.
             Slain by an adder (5 damage)
             ... on level 2 of the Dungeon.
             The game lasted 00:03:11 (2268 turns).

cluie the Insei (Demonspawn Transmuter)             Turns: 2268, Time: 00:03:12

Health: 0/33       AC:  4    Str: 10    XL:     4   Next: 50%
Magic:  5/7        EV: 12    Int: 14    God:
Gold:   47         SH:  0    Dex: 15    Spells: 2 memorised, 4 levels left

rFire  . . .     SeeInvis .       - Unarmed
rCold  . . .     Clarity  .     i - +1 leather armour {rPois}
rNeg   . . .     SustAt   .     (no shield)
rPois  +         Gourm    .     m - -2 helmet (curse)
rElec  .         Spirit   .     (no cloak)
rCorr  .         Dismiss  .     (no gloves)
rMut   .         Stasis   .     (no boots)
MR     .....                    (no amulet)
Stlth  +.........               (no ring)
                                (no ring)

@: lethally poisoned (0 -> -4), not resistant to hostile enchantments, very
unstealthy
A: hooves 1, rugged brown scales 1
a: no special abilities


You were on level 2 of the Dungeon.
You were not hungry.

You visited 1 branch of the dungeon, and saw 2 of its levels.

You collected 47 gold pieces.

Inventory:

Missiles
 a - 26 arrows
Armour
 i - a +1 leather armour of poison resistance (worn)
 m - a cursed -2 helmet (worn)
Potions
 g - a potion of haste {unknown}
 k - a potion of heal wounds {unknown}
Books
 c - a book of Changes

   Spells                             Type                      Level
   a - Beastly Appendage              Transmutation                1
   b - Sticks to Snakes               Transmutation                2
   c - Spider Form                    Transmutation/Poison         3
   d - Ice Form                       Ice/Transmutation            4
   e - Blade Hands                    Transmutation                5
Comestibles
 d - a bread ration


   Skills:
 + Level 2.1 Fighting
 * Level 2.8 Dodging
 * Level 3.8 Unarmed Combat
 - Level 2.0 Spellcasting
 - Level 1.7 Transmutations


You had 4 spell levels left.
You knew the following spells:

 Your Spells              Type           Power        Failure   Level  Hunger
a - Beastly Appendage     Trmt           #.....       17%         1    ##.....
b - Sticks to Snakes      Trmt           #.......     28%         2    ###....


Dungeon Overview and Level Annotations

Branches:
Dungeon (2/15)

Altars:
Nemelex Xobeh
Sif Muna


Innate Abilities, Weirdness & Mutations

You have large cloven feet.
You are partially covered in rugged brown scales (AC +1, +3% HP).


Message History

The adder is severely wounded.
You feel sick. The adder barely misses you. The adder bites you.
* * * LOW HITPOINT WARNING * * *
Unknown command.
Drink which item? (? for menu, Esc to quit)
It was a potion of flight.
You feel very buoyant.
You fly up into the air.
The adder closely misses you.
Drink which item? (? for menu, Esc to quit)
It was a potion of cancellation.
Your magical effects are unravelling.
You feel magically purged.
* * * LOW HITPOINT WARNING * * *
You feel sick. The adder bites you but does no damage.
Unknown command.
Casting: Sticks to Snakes
Confirm with . or Enter, or press ? or * to list all spells.
You create a snake!
You now have 26 arrows.
You float gracefully downwards.
The adder bites you.
You die...

#⌠.........[...#
##.#.#.#.#.8...#
###_#####⌠#...#
### #####...#
#..†....#
######.## .. #S#
.# .. #.# .# ##
#@# .# #
#######S##.##.#
...............
#######....##.#
#...## ##.##
##...#
###....#########
.................


You could see an adder and a friendly adder.

Vanquished Creatures
  Jessica (D:2)
  Robin (D:2)
  An adder (D:2)
  An ooze (D:1)
  A giant gecko (D:2)
  A ball python (D:1)
  4 bats (D:1)
  A giant cockroach (D:2)
  8 hobgoblins
  6 kobolds
  A giant newt (D:2)
  11 goblins
  4 rats (D:1)
41 creatures vanquished.

Vanquished Creatures (collateral kills)
  An adder (D:2)
1 creature vanquished.

Grand Total: 42 creatures vanquished

Notes
Turn   | Place    | Note
--------------------------------------------------------------
     0 | D:1      | cluie the Demonspawn Transmuter began the quest for the Orb.
     0 | D:1      | Reached XP level 1. HP: 15/15 MP: 3/3
   403 | D:1      | Gained mutation: You have large cloven feet. [demonic ancestry]
   403 | D:1      | Reached XP level 2. HP: 15/21 MP: 5/5
   441 | D:1      | Reached skill level 3 in Unarmed Combat
  1196 | D:2      | Gained mutation: You are partially covered in rugged brown scales (AC +1, +3% HP). [demonic ancestry]
  1196 | D:2      | Reached XP level 3. HP: 2/26 MP: 6/6
  1585 | D:1      | Learned a level 2 spell: Sticks to Snakes
  1623 | D:2      | Noticed Robin
  1695 | D:1      | HP: 1/27 [kobold/short sword (4)]
  1998 | D:2      | Killed Robin
  2190 | D:2      | Found a deep blue altar of Sif Muna.
  2206 | D:2      | Noticed Jessica
  2211 | D:2      | Killed Jessica
  2211 | D:2      | Reached XP level 4. HP: 26/33 MP: 4/7
  2231 | D:2      | Found a sparkling altar of Nemelex Xobeh.
  2268 | D:2      | Slain by an adder

Vault maps used:
D:1:      co_arrival_square_in_a_square_in_a_square
D:2:      minitemple, uniq_jessica, uniq_robin

Action                   |  1- 3 |  4- 6 || total
-------------------------+-------+-------++-------
Melee: Unarmed           |   177 |    25 ||   202
 Cast: Beastly Appendage |     4 |       ||     4
       Sticks to Snakes  |     3 |     1 ||     4
  Use: Scroll            |     4 |       ||     4
       Potion            |       |     2 ||     2
  Eat: Meat ration       |     1 |       ||     1
